 Dungeon Crawl Stone Soup version 0.29.1-15-g9cfb28693d (webtiles) character file.

Game seed: 5250887635356538142

4029 Artool the Fighter (level 10, -19/83 HPs)
             Began as a Demonspawn Fighter on Apr 11, 2023.
             Demolished by a boulder beetle (33 damage)
             ... on level 7 of the Dungeon.
             The game lasted 00:13:35 (7477 turns).

Artool the Fighter (Demonspawn Fighter)             Turns: 7477, Time: 00:13:36

Health: -19/83     AC: 18    Str: 19    XL:     10   Next: 4%
Magic:  10/10      EV:  9    Int:  9    God:
Gold:   414        SH: 11    Dex: 23    Spells: 9/9 levels left

rFire   + . .      SeeInvis .   w - +5 falchion "Lociguod" {spect, Drain rF+ Dex+4}
rCold   . . .      Faith    .   c - +0 buckler
rNeg    . . .      Spirit   .   r - +0 scale mail of Javudgh {Dex+4}
rPois   .          Reflect  +   (no helmet)
rElec   .          Harm     .   (cloak unavailable)
rCorr   .          Rampage  .   E - +0 pair of gloves
Will    .....                   (no boots)
Stlth   +.........              y - amulet of reflection
HPRegen 0.23/turn               m - ring of flight
MPRegen 0.12/turn               (no ring)

@: mighty, sanguine armoured, flying, studying Summonings
A: powered by pain 2, sanguine armour 2, weakness stinger 3
a: no special abilities


You were on level 7 of the Dungeon.
You visited 2 branches of the dungeon, and saw 9 of its levels.

You collected 414 gold pieces.

Inventory:

Hand Weapons
 w - the +5 falchion "Lociguod" (weapon) {spect, Drain rF+ Dex+4}
   (You found it on level 3 of the Dungeon)

   When its wielder attacks, the weapon's spirit leaps out and strikes again.
   The spirit shares a part of any damage it takes with its wielder.
   Dex:       It affects your dexterity (+4).
   rF:        It protects you from fire.
   Drain:     It drains your maximum health when unequipped.
Missiles
 h - 17 poisoned darts (quivered)
Armour
 b - +0 fire dragon scales
 c - a +0 buckler (worn)
 r - the +0 scale mail of Javudgh (worn) {Dex+4}
   (You found it on level 2 of the Dungeon)

   Dex:       It affects your dexterity (+4).
 A - a +1 cloak of poison resistance
 E - a +0 pair of gloves (worn)
 G - the +2 cloak of the Tired Geomancers {-Cast rPois Regen+}
   (You found it on level 5 of the Dungeon)

   rPois:     It protects you from poison.
   -Cast:     It prevents spellcasting.
   Regen:     It increases your rate of health regeneration.
 I - a +3 leather armour of positive energy
 K - the +1 scale mail of Untruth {-Cast rC- rN+++ Str+6}
   (You found it on level 5 of the Dungeon)

   Str:       It affects your strength (+6).
   rC:        It makes you vulnerable to cold.
   rN:        It renders you almost immune to negative energy.
   -Cast:     It prevents spellcasting.
Magical Staves
 P - a staff of conjuration
Jewellery
 m - a ring of flight (left hand)
 y - an amulet of reflection (around neck)
 O - a ring of protection from fire
Wands
 D - a wand of digging (5)
 F - a wand of charming (2)
 M - a wand of light (3)
Scrolls
 a - 2 scrolls of brand weapon {unknown}
 e - 2 scrolls of enchant weapon {unknown}
 g - 8 scrolls of identify {unknown}
 i - a scroll of blinking {unknown}
 n - a scroll of enchant armour {unknown}
 p - a scroll of torment {unknown}
 q - a scroll of vulnerability {unknown}
 t - a scroll of poison {unknown}
 B - a scroll of immolation {unknown}
 H - a scroll of silence {unknown}
 J - a scroll of fear {unknown}
 L - a scroll of amnesia {unknown}
 Q - a scroll of teleportation {unknown}
Potions
 d - 2 potions of might
 f - 6 potions of magic {unknown}
 j - 4 potions of haste {unknown}
 k - 2 potions of lignification {unknown}
 l - 2 potions of degeneration {unknown}
 o - 2 potions of heal wounds {unknown}
 s - 2 potions of berserk rage {unknown}
 u - a potion of mutation {unknown}
 v - a potion of cancellation {unknown}
 x - a potion of flight {unknown}
 z - 7 potions of curing {unknown}
 C - 2 potions of attraction {unknown}
 N - a potion of ambrosia {unknown}


   Skills:
 + Level 9.0 Fighting
 + Level 7.3 Long Blades
 - Level 2.5 Maces & Flails
 + Level 8.1 Armour
 - Level 3.0 Shields


You had 9 spell levels left.
You didn't know any spells.
Your spell library contained the following spells:

 Spells                   Type           Power      Damage    Failure   Level
 Animate Dead             Necr           0%         N/A       100%        4
 Haunt                    Necr/Summ      0%         N/A       100%        7
 Infestation              Necr           0%         N/A       100%        8


Dungeon Overview and Level Annotations

Branches:
Dungeon (8/15)             Temple (1/1) D:4            Lair (0/5) D:8

Altars:
Ashenzari
Cheibriados
Dithmenos
Fedhas
Gozag
Kikubaaqudgha
Makhleb
Qazlal
Ru
Sif Muna
Trog
Uskayaw
Vehumet
Wu Jian
Xom
Yredelemnul

Shops:
D:3 (

Annotations:
D:3 2 transporters, Henri's ghost, weakling MiFi


Innate Abilities, Weirdness & Mutations

You sometimes gain power by taking damage.
When seriously injured, your blood forms thick armour. (AC +9)
You have a sharp stinger which inflicts weakening toxins.


Message History

You block the boulder beetle's attack. You block the black bear's attack.
The black bear claws you but does no damage. x2
Unknown command.
You slash the boulder beetle!
The boulder beetle is heavily wounded.
Your +5 falchion "Lociguod" {spect, Drain rF+ Dex+4} hits the boulder beetle but does no damage.
You block the boulder beetle's attack. The black bear bites you!
You block the black bear's attack. x2
Unknown command.
You hit the boulder beetle.
The boulder beetle is heavily wounded.
Your +5 falchion "Lociguod" {spect, Drain rF+ Dex+4} hits the boulder beetle but does no damage.
You block the black bear's attack.
The black bear claws you but does no damage. x2
The boulder beetle bites you!
You hit the boulder beetle but do no damage.
The boulder beetle is heavily wounded.
Your +5 falchion "Lociguod" {spect, Drain rF+ Dex+4} hits the boulder beetle!
The boulder beetle bites you!
* * * LOW HITPOINT WARNING * * *
The black bear bites you but does no damage.
You block the black bear's attack.
The black bear claws you but does no damage.
You hit the boulder beetle but do no damage.
The boulder beetle is severely wounded.
Your +5 falchion "Lociguod" {spect, Drain rF+ Dex+4} hits the boulder beetle but does no damage.
You block the boulder beetle's attack.
The black bear bites you but does no damage.
The black bear claws you.
* * * LOW HITPOINT WARNING * * *
The black bear closely misses you.
The black bear attacks as you move away!
The black bear closely misses you.
The black bear claws you but does no damage.
You block the black bear's attack.
The boulder beetle curls into a ball and begins rolling!
You feel very mighty all of a sudden. You block the black bear's attack.
The black bear barely misses you. You block the black bear's attack.
The boulder beetle hits you!!
You die...

....#########.......#
....................#
....................#
....................#
....................#
....................######
.##......................#
..#.......<.......)......#
..).............@.).<....#
##..)###.#..#..>hB))....>#
###.###.#..#.††÷○.......#
#).##......#..........#
#####....................#
...............#(........#
##...###..##..##..>(.....#
##.#####..##..############
...##....###...##


You could see a boulder beetle (rolling) and a black bear.

Vanquished Creatures
  Joseph (D:7)
  Grinder (D:3)
  A wyvern (D:7)
  3 yaks
  A steam dragon (D:7)
  Edmund (D:4)
  2 water moccasins
  An orc warrior (D:7)
  2 ice beasts (D:6)
  Duvessa (D:5)
  A black bear (D:8)
  An ogre (D:5)
  2 centaurs (D:4)
  3 phantoms
  6 bullfrogs
  A necrophage (D:7)
  2 scorpions
  Dowan (D:5)
  4 wights (D:7)
  2 howler monkeys
  4 hounds
  3 orc priests (D:7)
  Crazy Yiuf (D:3)
  A jelly (D:4)
  Jessica (D:3)
  4 iguanas
  Ijyb (D:5)
  An orc wizard (D:7)
  4 gnolls (D:7)
  9 adders
  A shadow imp (D:5)
  2 white imps (D:6)
  5 worms
  2 dart slugs
  14 orcs
  2 endoplasms
  3 giant cockroaches
  7 goblins
  7 hobgoblins
  6 kobolds
  2 quokkas
  12 ball pythons
  5 bats
  2 frilled lizards
  A rat (D:2)
137 creatures vanquished.

Vanquished Creatures (others)
  17 fungi (D:8)
  30 plants (D:8)
  6 toadstools (D:3)
53 creatures vanquished.

Grand Total: 190 creatures vanquished

Notes
Turn   | Place    | Note
-------+----------+-------------------------------------------
     0 | D:1      | Artool the Demonspawn Fighter began the quest for the Orb.
     0 | D:1      | Reached XP level 1. HP: 18/18 MP: 1/1
   253 | D:1      | Gained mutation: You sometimes gain a little power by
                  | taking damage. [demonic ancestry]
   253 | D:1      | Reached XP level 2. HP: 16/24 MP: 2/2
   729 | D:1      | Reached XP level 3. HP: 29/29 MP: 3/3
  1373 | D:2      | Found a faded altar of an unknown god.
  1622 | D:2      | Identified the +0 scale mail of Javudgh {Dex+4}
  2158 | D:3      | Found a transporter.
  2161 | D:3      | Identified the +5 falchion "Lociguod" {spect, Drain rF+
                  | Dex+4}
  2230 | D:3      | Noticed a necrophage
  2261 | D:3      | Gained mutation: When seriously injured, your blood forms
                  | armour. (AC +9) [demonic ancestry]
  2261 | D:3      | Reached XP level 4. HP: 29/37 MP: 4/4
  2323 | D:3      | Noticed Henri's ghost (weakling MiFi)
  2326 | D:3      | Found a transporter.
  2362 | D:3      | Found Iwokhix's Weapon Boutique.
  2367 | D:3      | Noticed Jessica
  2375 | D:3      | Killed Jessica
  2471 | D:3      | Noticed Grinder
  2476 | D:3      | Killed Grinder
  2477 | D:3      | Reached skill level 4 in Fighting
  2477 | D:3      | Gained mutation: When seriously injured, your blood forms
                  | thick armour. (AC +9) [demonic ancestry]
  2477 | D:3      | Reached XP level 5. HP: 43/43 MP: 5/5
  2477 | D:3      | Gained mutation: You sometimes gain power by taking damage.
                  | [demonic ancestry]
  2477 | D:3      | Reached XP level 6. HP: 49/49 MP: 6/6
  2496 | D:3      | Found a runed translucent door.
  2497 | D:3      | Noticed Crazy Yiuf
  3299 | D:3      | Killed Crazy Yiuf
  3434 | D:4      | Found a staircase to the Ecumenical Temple.
  3444 | Temple   | Entered the Ecumenical Temple
  3444 | Temple   | Found a transporter.
  3444 | Temple   | Found a transporter.
  3446 | Temple   | Found a transporter.
  3446 | Temple   | Found a transporter.
  3510 | D:4      | Noticed Edmund
  3519 | D:4      | Killed Edmund
  3520 | D:4      | Reached skill level 5 in Fighting
  3520 | D:4      | Gained mutation: You have a small tail. [demonic ancestry]
  3520 | D:4      | Reached XP level 7. HP: 19/56 MP: 7/7
  3761 | D:4      | Reached skill level 5 in Armour
  3994 | D:4      | Found a snail-covered altar of Cheibriados.
  4168 | D:5      | Entered Level 5 of the Dungeon
  4353 | D:5      | Noticed Ijyb
  4359 | D:5      | Killed Ijyb
  4408 | D:5      | Identified the +2 cloak of the Tired Geomancers {-Cast
                  | rPois Regen+}
  4441 | D:5      | Reached skill level 6 in Fighting
  4597 | D:5      | Gained mutation: You have a tail ending in a sharp stinger.
                  | [demonic ancestry]
  4597 | D:5      | Reached XP level 8. HP: 62/64 MP: 8/8
  4716 | D:5      | Noticed Duvessa
  4716 | D:5      | Noticed Dowan
  4756 | D:5      | Killed Duvessa
  4782 | D:5      | Killed Dowan
  5155 | D:5      | Identified the +1 scale mail of Untruth {-Cast rC- rN+++
                  | Str+6}
  5589 | D:6      | Reached skill level 5 in Long Blades
  5748 | D:6      | Reached skill level 7 in Fighting
  6225 | D:7      | Gained mutation: You have a sharp stinger which inflicts
                  | weakening toxins. [demonic ancestry]
  6225 | D:7      | Reached XP level 9. HP: 72/72 MP: 9/9
  6742 | D:7      | Noticed Joseph
  6751 | D:7      | Killed Joseph
  6752 | D:7      | Reached skill level 8 in Fighting
  7115 | D:8      | Found a staircase to the Lair.
  7126 | D:8      | Noticed a boulder beetle
  7460 | D:7      | Reached XP level 10. HP: 62/82 MP: 10/10
  7463 | D:7      | Reached skill level 9 in Fighting
  7477 | D:7      | Demolished by a boulder beetle

Illustrated notes

Levels and vault maps discovered:
D:1:      minmay_arrival_open_corners, layout_basic
D:2:      layout_loops_corners, ebering_ecumenical_altar_hall, minmay_tall_x
D:3:      layout_basic, gammafunk_ghost_mausoleum, serial_shops, shop,
          minmay_gold_behind_fungi, uniq_grinder, uniq_jessica,
          uniq_crazy_yiuf_cottage
D:4:      layout_rooms, slow_altar_2, kennysheep_mini, temple_statues,
          chequers_serial_rivers_micro_a, nicolae_kite_square_tiling_tiny,
          minmay_manual_mares, uniq_edmund
D:5:      layout_layer_cave, minmay_splitting_lines, minivault_19, uniq_ijyb,
          uniq_duvessa
D:6:      layout_gridville
D:7:      layout_rooms, minmay_statues_item, uniq_joseph
D:8:      layout_loops_ring, mainiacjoe_overflow_big_doors,
          due_lair_maze_entry_diamond, enter_bailey_5,
          kennysheep_generic_room_10
Temple:   hellmonk_temple_divided_pantheon

Skill      XL: |  1  2  3  4  5  6  7  8  9 10 |
---------------+-------------------------------+-----
Maces & Flails | 2 |  2.5
Shields        | 3 |  3.0
Armour         | 3 4 5 6 8 |  8.1
Fighting       | 4 5 6 7 8 9 |  9.0
Long Blades    | 2 3 4 5 7 |  7.3

Action                   |  1- 3 |  4- 6 |  7- 9 | 10-12 || total
-------------------------+-------+-------+-------+-------++-------
Melee: Flail             |   129 |       |       |       ||   129
       Falchion          |       |    40 |   165 |    11 ||   216
       Tailslap          |       |       |    28 |     1 ||    29
Throw: Dart              |       |       |     2 |       ||     2
  Use: Potion            |       |       |       |     1 ||     1
 Stab: Distracted        |       |     1 |     4 |       ||     5
Armor: Scale mail        |    64 |    11 |    71 |    15 ||   161
Dodge: Dodged            |    62 |    19 |    45 |     8 ||   134
Block: Buckler           |    33 |    13 |    78 |    19 ||   143
